Map: Dead of Night

Players

raincamp

  • Race: Terran Terran

raincamp

  • Race: Terran Terran
  • Spawn Location: 0:00

VOD

Have the link to the VOD?

Description

Time

  • Played on: Jan. 16, 2018, 10:42 a.m.
  • Length: 24:32
Show
View Real Time Build Order
Export as new Build Order

raincamp Terran 

Build Orders:  

Get SALT Encoding   

  12  0:05  Starport Tech Lab  
  12  0:07  SCV  
  14  0:24  SCV  
  14  0:26  Supply Depot  
  15  0:41  SCV  
  15  0:43  Refinery  
  16  1:01  SCV  
  16  1:18  SCV  
  17  1:20  Assault Galleon  
  17  1:35  SCV  
  18  1:45  Assault Galleon  
  19  1:54  SCV  
  20  2:11  SCV  
  20  2:22  Assault Galleon  
  20  2:28  SCV  
  21  2:43  Armory  
  21  2:45  SCV  
  23  3:02  Engineering Bay, SCV  
  23  3:19  SCV  
  24  3:36  SCV  
  26  3:54  SCV  
  26  3:57  Assault Galleon  
  26  4:01  Assault Galleon  
  26  4:07  Strike Fighter Platform  
  31  4:11  SCV  
  31  4:41  Supply Depot  
  31  4:46  Supply Depot  
  31  4:49  LE9 Cluster Charges  
  31  5:16  SCV  
  32  5:24  Horner Weapons Level 1  
  33  5:33  SCV  
  33  5:46  Refinery x2  
  33  5:48  Jetpack Overdrive  
  34  5:50  SCV  
  34  6:07  SCV  
  36  6:24  SCV  
  37  6:41  SCV  
  37  6:44  Assault Galleon  
  37  6:54  Multi-Threaded Sensors  
  37  6:58  SCV  
  39  7:12  Supply Depot  
  39  7:14  SCV  
  39  7:26  Reaper  
  39  7:27  Reaper x3  
  44  7:31  SCV  
  44  7:36  Reaper  
  44  7:37  Reaper x3  
  48  7:43  Supply Depot  
  48  7:46  Reaper x3  
  48  7:47  Reaper  
  48  7:48  SCV  
  53  7:53  Refinery  
  53  7:56  Reaper x4  
  57  8:01  Reaper  
  57  8:06  Reaper x4  
  62  8:11  Reaper  
  62  8:16  Reaper x4  
  62  8:19  Horner Weapons Level 2  
  68  8:20  SCV  
  68  8:21  Reaper  
  68  8:26  Reaper  
  70  8:37  SCV  
  70  8:38  Reaper  
  73  8:54  SCV  
  73  8:55  Reaper  
  73  8:56  Reaper x4  
  77  9:05  Reaper, Supply Depot  
  77  9:06  Reaper x3  
  81  9:10  Tactical Jump  
  81  9:18  Theia Raven  
  83  9:30  Theia Raven  
  83  9:37  Supply Depot  
  80  10:04  Reaper x3  
  80  10:05  Reaper x2  
  85  10:10  Supply Depot  
  85  10:14  Reaper x3  
  85  10:15  Reaper x2  
  85  10:17  Theia Raven  
  90  10:24  Reaper x4  
  91  10:38  Reaper  
  89  10:47  Reaper  
  89  10:48  Reaper x4  
  90  10:57  Reaper  
  90  10:58  Reaper x4  
  95  11:07  Reaper x3  
  95  11:08  Reaper x2  
  99  11:17  Reaper x3  
  102  11:23  Reaper  
  102  11:24  Reaper  
  102  11:27  Reaper x3  
  107  11:33  Reaper  
  108  11:49  Reaper  
  108  11:55  Reaper x3  
  108  11:56  Reaper  
  111  12:16  Reaper x3  
  111  12:17  Reaper x2  
  116  12:26  Reaper  
  117  12:44  Reaper x5  
  120  12:51  Horner Weapons Level 3  
  120  12:53  Reaper  
  120  12:54  Reaper  
  122  13:09  Reaper x2  
  127  13:10  Reaper x3, SCV  
  127  13:19  Reaper  
  129  13:27  SCV  
  130  13:37  Reaper x5  
  134  13:46  Reaper  
  134  13:47  Reaper x3  
  137  14:07  Refinery  
  137  14:19  Reaper x2  
  141  14:20  Reaper x3  
  141  14:29  Reaper x2  
  143  14:30  Reaper x3  
  143  14:39  Reaper x2  
  139  14:42  SCV  
  139  14:48  Reaper  
  139  14:49  Reaper x3  
  143  14:54  Refinery  
  143  14:55  Reaper  
  143  15:03  Supply Depot  
  143  15:04  Supply Depot  
  143  15:08  SCV  
  143  15:33  Reaper x4, SCV  
  146  15:47  Reaper  
  146  15:48  Reaper x4  
  150  15:50  SCV  
  150  15:57  Reaper  
  150  15:58  Reaper x2  
  153  16:01  Supply Depot  
  153  16:08  Reaper  
  153  16:09  Reaper x2  
  157  16:10  Reaper  
  156  16:25  Reaper  
  156  16:26  Reaper x3  
  159  16:31  Reaper  
  159  16:33  Horner Armor Level 1  
  159  16:35  Reaper  
  161  16:44  Reaper x4  
  161  16:45  Reaper  
  166  16:58  Reaper  
  166  16:59  Reaper x4  
  160  17:11  Reaper  
  157  17:22  Reaper  
  157  17:23  Reaper x4  
  162  17:32  Reaper  
  162  17:33  Reaper x4  
  168  17:52  Reaper x2, SCV  
  167  18:09  SCV  
  167  18:18  Reaper  
  167  18:19  Reaper x4  
  154  18:26  SCV  
  154  18:28  Reaper  
  154  18:29  Reaper x4  
  152  18:38  Reaper  
  154  18:43  SCV  
  155  19:00  Theia Raven, SCV  
  157  19:11  Theia Raven  
  157  19:12  Theia Raven  
  161  19:32  Reaper  
  161  19:33  Reaper x4  
  166  19:42  Reaper  
  166  19:43  Reaper x4  
  171  19:52  Supply Depot  
  153  20:23  SCV  
  141  20:33  Asteria Wraith x2  
  143  20:40  SCV  
  141  21:05  Dominion Starport  
  131  21:24  Reaper x2  
  131  21:25  Reaper  
  131  21:26  Reaper  
  131  21:29  Reaper  
  127  21:33  Reaper  
  127  21:34  Reaper  
  127  21:35  Reaper  
  127  21:36  Reaper  
  95  22:20  Supply Depot  
  95  22:21  Supply Depot x2  
  95  22:22  Supply Depot  
  95  22:24  Supply Depot  
  94  22:52  Reaper x4  
  94  22:56  SCV  
  98  23:02  Reaper  
  98  23:05  Starport Tech Lab  
  100  23:13  SCV  
  82  23:30  Reaper, SCV  
  82  23:31  Reaper x4  
  86  23:40  Reaper  
  86  23:41  Reaper x4  
  86  23:47  SCV  
  92  23:50  Reaper  
  92  23:51  Reaper x4  
  98  24:00  Reaper  
  98  24:01  Reaper x2  
  98  24:04  SCV  
  98  24:09  Reaper x2  
  100  24:10  Reaper  
  100  24:11  Reaper  
Show
View Real Time Build Order
Export as new Build Order

raincamp Terran 

Build Orders:  

Get SALT Encoding   

  12  0:23  Supply Depot  
Tags
 
Commander
HornerRaynor
Matchup
Co-op
Replay Pack
Co-op Speedrun
Add a new tag
Caveats
  • Supply blocks, unpowered buildings, or Contaminate may cause inaccurate times.
  • Supply counts are checked every 10 seconds.